 Dungeon Crawl Stone Soup version 0.30.0-16-gbe6223bb7e (webtiles) character file.

Game seed: 18124438423574294558

426 SnakkuSnakku7 the Chopper (level 6, -7/82 HPs)
             Began as an Armataur Artificer on May 21, 2023.
             Was an Initiate of Gozag.
             Mangled by Duvessa
             ... wielding a +0 short sword
              (11 damage)
             ... on level 5 of the Dungeon.
             The game lasted 00:04:36 (3249 turns).

SnakkuSnakku7 the Chopper (Armataur Artificer)      Turns: 3249, Time: 00:04:37

Health: -7/82      AC: 14    Str: 19    XL:     6   Next: 64%
Magic:  0/6        EV:  8    Int: 12    God:    Gozag
Gold:   207        SH:  0    Dex: 10    Spells: 5/5 levels left

rFire   . . .        a - +0 war axe
rCold   . . .        (no shield)
rNeg    . . .        C - +7 ring mail of the Sun {Rampage rPois}
rPois   +            (no helmet)
rElec   .            (no cloak)
rCorr   .            z - +0 pair of gloves
SInv    .            (no barding)
Will    .....        f - amulet of guardian spirit Stlth
                     (no ring)
HPRegen 0.33/turn    (no ring)
MPRegen 0.10/turn

%: guardian spirit, roll
@: berserking, gold aura, very quick
A: large, rugged brown scales 3, deformed body, armoured tail, roll, long
tongue, awkward tongue
a: Renounce Religion, Potion Petition, Call Merchant, Bribe Branch


You were on level 5 of the Dungeon.
You worshipped Gozag.
Gozag was aware of your devotion.
You visited 2 branches of the dungeon, and saw 6 of its levels.

You collected 283 gold pieces.
You paid 76 gold pieces to Gozag.

Inventory:

Hand Weapons
 a - a +0 war axe (weapon)
 h - a +0 hand axe
 w - a +0 club
Missiles
 o - 10 poisoned darts
 v - 2 throwing nets
Armour
 x - an orb of mayhem
 z - a +0 pair of gloves (worn)
 C - the +7 ring mail of the Sun (worn) {Rampage rPois}
   (You found it on level 3 of the Dungeon)

   rPois:     It protects you from poison.
   Rampage:   It bestows one free step when moving towards enemies.
Jewellery
 f - an amulet of guardian spirit (around neck)
 g - an amulet of faith
Wands
 c - a wand of flame (15) (quivered)
 d - a wand of charming (15)
 e - a wand of iceblast (4)
 n - a wand of roots (12)
Scrolls
 b - a scroll of summoning
 l - a scroll of immolation {unknown}
 m - 2 scrolls of fear {unknown}
 p - 2 scrolls of teleportation {unknown}
 y - a scroll of silence {unknown}
 A - a scroll of fog {unknown}
Potions
 i - a potion of flight
 j - a potion of brilliance {unknown}
 k - 2 potions of curing
 q - a potion of heal wounds
 r - a potion of resistance
 s - 4 potions of might
 t - a potion of berserk rage
 u - a potion of cancellation
 B - a potion of lignification
 D - 2 potions of invisibility


   Skills:
 - Level 4.0 Fighting
 + Level 4.3 Axes
 - Level 2.4 Armour
 - Level 0.6 Dodging
 - Level 1.1 Stealth
 - Level 3.0 Evocations


You had 5 spell levels left.
You didn't know any spells.
Your spell library contained the following spells:

 Spells                   Type           Power      Damage    Failure   Level
 Lesser Beckoning         Tloc           0%         N/A       63%         2
 Gell's Gravitas          Tloc           0%         N/A       86%         3
 Teleport Other           Tloc           0%         N/A       86%         3


Dungeon Overview and Level Annotations

Branches:
Dungeon (5/15)             Temple (1/1) D:4

Altars:
Ashenzari
Elyvilon
Fedhas
Gozag
Hepliaklqana
Nemelex Xobeh
Okawaru
Qazlal
Ru
Sif Muna
Trog
Uskayaw
Vehumet
Xom
Yredelemnul
The Shining One

Shops:
D:3 (

Annotations:
D:5 Duvessa


Innate Abilities, Weirdness & Mutations

You are completely covered in rugged brown scales. (AC +3, +7% HP)
Armour fits poorly on your strangely shaped body.
You have a long armoured tail.
You roll when moving toward enemies. (Rampage)
Your long tongue fully drains potion bottles. (2x potion effects)
Your tongue gives you trouble enunciating. (1.5x scroll delay)


Message History

The roots erupt in riotous growth!
Roots grab Duvessa.
The grasping roots constrict Duvessa.
Duvessa hits you with a +0 short sword!
Unknown command.
Unknown command.
Unknown command.
A red film seems to cover your vision as you go berserk!
You feel yourself moving faster!
You feel mighty!
You slurp down every last drop of the potion of berserk rage!
The grasping roots constrict Duvessa!
Duvessa closely misses you. Duvessa hits you but does no damage.
You slash Duvessa!
Duvessa is severely wounded.
The grasping roots constrict Duvessa!
The roots release their grip on Duvessa.
Duvessa hits you with a +0 short sword.
You barely miss Duvessa.
Your tail-slap misses Duvessa.
Duvessa is almost dead.
Duvessa closely misses you. Duvessa hits you with a +0 short sword.
* * * LOW HITPOINT WARNING * * *
You barely miss Duvessa.
Duvessa is almost dead.
Duvessa hits you but does no damage.
You barely miss Duvessa.
Duvessa is almost dead.
Duvessa hits you with a +0 short sword!
* * * LOW HITPOINT WARNING * * *
You closely miss Duvessa.
Duvessa is almost dead.
Duvessa barely misses you. Duvessa hits you with a +0 short sword!
* * * LOW HITPOINT WARNING * * *
You barely miss Duvessa.
Duvessa is almost dead.
Duvessa hits you but does no damage.
You hear a distant slurping noise.
You barely miss Duvessa.
Duvessa is almost dead.
Duvessa hits you with a +0 short sword!
You die...
Your body crumbles into a pile of gold.

$
#########
........+
......$@#
...###e##
#. .. #..
$ ###


You could see Duvessa (berserk).

Vanquished Creatures
  A centaur (D:4)
  Dowan (D:5)
  A jelly (D:4)
  Ijyb (D:4)
  A sleepcap (D:4)
  An iguana (D:4)
  An orc wizard (D:4)
  3 gnolls
  6 adders
  2 worms
  A dart slug (D:2)
  4 orcs (D:4)
  5 endoplasms
  A giant cockroach (D:2)
  7 hobgoblins
  5 jackals
  9 quokkas
  5 ball pythons
  2 bats
  4 frilled lizards
  3 goblins
  6 kobolds
  6 rats
76 creatures vanquished.

Notes
Turn   | Place    | Note
-------+----------+-------------------------------------------
     0 | D:1      | SnakkuSnakku7 the Armataur Artificer began the quest for
                  | the Orb.
     0 | D:1      | Reached XP level 1. HP: 16/16 MP: 1/1
    10 | D:1      | Reached skill level 1 in Fighting
   156 | D:1      | Reached XP level 2. HP: 19/25 MP: 2/2
   916 | D:2      | Reached skill level 1 in Axes
   916 | D:2      | Reached XP level 3. HP: 17/32 MP: 3/3
  1268 | D:2      | Reached XP level 4. HP: 30/39 MP: 1/4
  1559 | D:2      | You fall into a shaft and drop 2 floors!
  1593 | D:4      | Noticed a centaur
  1609 | D:4      | Killed a centaur
  1610 | D:4      | Reached XP level 5. HP: 44/48 MP: 1/5
  1928 | D:3      | Identified the +7 ring mail of the Sun {Rampage rPois}
  2054 | D:3      | Reached XP level 6. HP: 50/55 MP: 6/6
  2131 | D:3      | Found Nonuni's Weapon Emporium.
  2624 | D:4      | Found a staircase to the Ecumenical Temple.
  2664 | Temple   | Entered the Ecumenical Temple
  2706 | Temple   | Became a worshipper of Gozag Ym Sagoz the Greedy
  2886 | D:4      | Noticed Ijyb
  2896 | D:4      | Killed Ijyb
  3125 | D:4      | Found a sparkling altar of Nemelex Xobeh.
  3233 | D:5      | Entered Level 5 of the Dungeon
  3233 | D:5      | Noticed Duvessa
  3233 | D:5      | Noticed Dowan
  3240 | D:5      | Killed Dowan
  3247 | D:5      | HP: 4/82 [Duvessa/+0 short sword (8)]
  3249 | D:5      | Mangled by Duvessa

Illustrated notes

Levels and vault maps discovered:
D:1:      dpeg_arrival_arbitrary_a, layout_loops_ring, minmay_misc_feat_columns
D:2:      layout_basic
D:3:      layout_basic, serial_shops, nicolae_shop_back_alley_shop,
          minmay_hedge_maze
D:4:      layout_basic, nemelex_diamond_rough_becter,
          minmay_temple_entry_stoned_glass, nicolae_elevator_lobby_asterisk,
          uniq_ijyb
D:5:      minmay_opposing_rooms, layout_gridville,
          hangedman_abyss_or_decor_passed, minmay_diced_spiral, uniq_duvessa
Temple:   hellmonk_temple_of_storms

Skill      XL: |  1  2  3  4  5  6 |
---------------+-------------------+-----
Fighting       | 1 2 3 4 |  4.0
Axes           | 1 2 3 4 |  4.3
Armour         | |  2.4
Dodging        | |  0.6
Stealth        | |  1.1
Evocations     | |  3.0

Action                     |  1- 3 |  4- 6 || total
---------------------------+-------+-------++-------
  Melee: Club              |    42 |       ||    42
         Tailslap          |     8 |    19 ||    27
         Hand axe          |    76 |    33 ||   109
         War axe           |       |   111 ||   111
  Evoke: Wand              |     1 |     6 ||     7
    Use: Potion            |       |     2 ||     2
         Scroll            |       |     9 ||     9
   Stab: Sleeping          |     1 |       ||     1
 Armour: Leather armour    |    23 |       ||    23
         Plate armour      |    42 |    70 ||   112
         Ring mail         |       |    60 ||    60
  Dodge: Dodged            |    41 |    58 ||    99
